 Dungeon Crawl Stone Soup version 0.13-a0-2700-g8dc4729 (webtiles) character file.

373 JacquesDerrida the Bolt Thrower (level 6, -4/35 HPs)
             Began as a Tengu Hunter on Aug 15, 2013.
             Slain by an adder (5 damage)
             ... on Level 4 of the Dungeon.
             The game lasted 00:08:15 (2967 turns).

JacquesDerrida the Bolt Thrower (Tengu Hunter)      Turns: 2967, Time: 00:08:15

HP  -4/35        AC  3     Str 13      XL: 6   Next: 12%
MP   7/7         EV 11     Int 10 (13) God:
Gold 124         SH  0     Dex 14      Spells:  0 memorised,  5 levels left

Res.Fire  : . . .   See Invis. : .   a - +0 short sword
Res.Cold  : + . .   Warding    : .   d - +0 leather armour
Life Prot.: . . .   Conserve   : .   (no shield)
Res.Poison: .       Res.Corr.  : .   (helmet restricted)
Res.Elec. : .       Clarity    : .   (no cloak)
Sust.Abil.: . .     Spirit.Shd : .   (no gloves)
Res.Mut.  : .       Stasis     : .   (boots unavailable)
Res.Rott. : .       Flight     : .   (no amulet)
Saprovore : . . .                    (no ring)
                                     i - ring of protection from cold

@: mildly poisoned, slightly resistant to hostile enchantments, unstealthy
A: able to fly, beak, talons 3
a: Fly


You were on level 4 of the Dungeon.
You were not hungry.

You visited 1 branch of the dungeon, and saw 4 of its levels.

You collected 104 gold pieces.

Inventory:

Hand weapons
 a - a +0,+0 short sword (weapon)
 b - a +1,+1 crossbow
 p - a +0 blowgun
Missiles
 c - 23 bolts
 s - 16 poisoned needles
 v - 11 poisoned bolts
Armour
 d - a +0 leather armour (worn)
Comestibles
 f - 4 bread rations
 o - a meat ration
Scrolls
 e - a scroll of curse weapon {unknown}
 g - a scroll of fog {unknown}
 k - a scroll of curse jewellery {unknown}
 n - 4 scrolls of identify
 q - a scroll of blinking {unknown}
 r - 2 scrolls of remove curse {unknown}
 w - a scroll of magic mapping {unknown}
Jewellery
 i - a ring of protection from cold (left hand)
Potions
 h - a potion of invisibility {unknown}
 j - a potion of speed {unknown}
 m - a potion of poison {unknown}
 t - a potion of degeneration


   Skills:
 - Level 1.0 Fighting
 + Level 7.9 Crossbows
 - Level 2.1 Dodging
 - Level 1.0 Stealth


You had 5 spell levels left.
You didn't know any spells.

Dungeon Overview and Level Annotations

Branches:
Dungeon (4/27)             Temple (0/1) D:4

Altars:
Okawaru
Trog

Annotations
D:4 Dowan


Innate Abilities, Weirdness & Mutations

You can fly.
You have a beak for a mouth.
You have claws for feet.


Message History

* * * LOW HITPOINT WARNING * * *
You are more poisoned.
The adder poisons you!
Drink which item? (? for menu, Esc to quit)
Okay, then.
a - a +0,+0 short sword (weapon)
The training dummy barely misses you.
You closely miss the adder.
The adder is severely wounded.
The adder bites you.
* * * LOW HITPOINT WARNING * * *
The adder closely misses you.
Unknown command.
Drink which item? (? for menu, Esc to quit)
There was something very wrong with that liquid!
You feel dopey.
It was a potion of degeneration.
The training dummy hits you but does no damage.
The adder bites you.
You die...

#........)............
#....>.......########.
#..............#
######.#.##.##.####
#...#8.8#....#
##.........#.##
#...._........
#....)........
......#(@8#......
#####.##S##.....
#....( .... ###.... ..
##.... #(#### #.# ..#
#(#


You could see an adder and 3 training dummies.

Vanquished Creatures
  Blork the orc (D:4)
  A worker ant (D:4)
  Ijyb (D:4)
  5 adders
  3 gnolls (D:2)
  4 oozes
  5 orcs
  3 giant cockroaches
  7 hobgoblins
  10 kobolds
  A quokka (D:3)
  A training dummy (D:4)
  A ball python (D:4)
  7 bats
  2 giant geckos
  6 giant newts
  4 goblins
  A jackal zombie (D:4)
  10 rats
73 creatures vanquished.

Notes
Turn   | Place    | Note
--------------------------------------------------------------
     0 | D:1      | JacquesDerrida, the Tengu Hunter, began the quest for the Orb.
     0 | D:1      | Reached XP level 1. HP: 12/12 MP: 0/0
   108 | D:1      | Reached XP level 2. HP: 15/17 MP: 2/2
   540 | D:2      | Reached skill level 5 in Crossbows
   643 | D:2      | Reached XP level 3. HP: 21/21 MP: 3/3
   711 | D:2      | Reached skill level 6 in Crossbows
   711 | D:2      | Reached XP level 4. HP: 19/26 MP: 4/4
   842 | D:2      | Noticed a moth of wrath
   843 | D:2      | Found a bloodstained altar of Trog.
  2113 | D:3      | Reached XP level 5. HP: 30/30 MP: 6/6
  2440 | D:3      | Reached skill level 7 in Crossbows
  2690 | D:4      | Noticed Dowan
  2700 | D:4      | Found a staircase to the Ecumenical Temple.
  2707 | D:4      | Noticed Blork the orc
  2713 | D:4      | Noticed Ijyb
  2718 | D:4      | Killed Ijyb
  2897 | D:4      | Found an iron altar of Okawaru.
  2955 | D:4      | Killed Blork the orc
  2955 | D:4      | Reached XP level 6. HP: 14/35 MP: 7/7
  2966 | D:4      | HP: 1/35 [adder (3)]
  2967 | D:4      | Slain by an adder

Action                   |  1- 3 |  4- 6 || total
-------------------------+-------+-------++-------
Melee: Short sword       |    41 |   120 ||   161
 Fire: Crossbow          |     8 |    27 ||    35
       Blowgun           |       |     2 ||     2
  Use: Potion            |       |     4 ||     4
       Scroll            |       |     3 ||     3
 Stab: Sleeping          |       |     1 ||     1
